 Dungeon Crawl Stone Soup version 0.26-a0-661-g406de6ba63 (webtiles) character file.

Game seed: 12822670978036304062

65413 Roikka the Severer (level 15, 0/139 HPs)
             Began as a Hill Orc Monk on Oct 8, 2020.
             Was a High Priest of Beogh.
             Slain by a sun demon (16 damage)
             ... summoned by an orc sorcerer
             ... summoned by an orange crystal statue
             ... on level 2 of the Orcish Mines on Oct 9, 2020.
             The game lasted 01:50:56 (27532 turns).

Roikka the Severer (Hill Orc Monk)                 Turns: 27532, Time: 01:50:56

Health: 0/139      AC: 20    Str: 21      XL:     15   Next: 16%
Magic:  0/26       EV: 24    Int:  7 (10) God:    Beogh [*****.]
Gold:   2370       SH:  0    Dex: 15      Spells: 14/14 levels left

rFire    . . .     SeeInvis .   a - +3 war axe of Courage {holy, rElec Dex+2}
rCold    . . .     Faith    .   l - +0 buckler
rNeg     . . .     Spirit   .   M - +1 swamp dragon scales
rPois    +         Reflect  .   q - +2 helmet
rElec    +         Harm     .   y - +0 cloak
rCorr    .         Rampage  .   x - +0 pair of gloves
MR       +....                  c - +0 pair of boots
Stlth    ..........             r - amulet of the acrobat
HPRegen  0.33/turn              p - +4 ring of evasion
MPRegen  0.20/turn              C - +4 ring of evasion

@: confused, studying Invocations
A: walk on water
a: Smiting, Recall Orcish Followers, Give Item to Named Follower, Renounce
Religion


You were on level 2 of the Orcish Mines.
You worshipped Beogh.
Beogh was extremely pleased with you.
You visited 4 branches of the dungeon, and saw 22 of its levels.
You also visited: Ice Cave and Volcano.

You collected 3431 gold pieces.
You spent 1061 gold pieces at shops.

Inventory:

Hand Weapons
 a - the +3 war axe of Courage (weapon) {holy, rElec Dex+2}
   (You bought it in a shop on level 2 of the Orcish Mines)

   It has been blessed by the Shining One to cause great damage to the undead
   and demons.
   It affects your dexterity (+2).
   It insulates you from electricity.
 b - a +3 broad axe of flaming
 N - the +4 halberd of the Hawk {drain, rC+}
   (You found it on level 11 of the Dungeon)

   A truly terrible weapon, it drains the life of those it strikes.
   It protects you from cold.
 Q - a +4 vorpal battleaxe
 T - a +1 great mace of holy wrath
 V - a +1 vampiric trident
Missiles
 G - 3 throwing nets (quivered)
Armour
 c - a +0 pair of boots (worn)
 l - a +0 buckler (worn)
 q - a +2 helmet (worn)
 v - a +2 leather armour of cold resistance
 x - a +0 pair of gloves (worn)
 y - a +0 cloak (worn)
 M - +1 swamp dragon scales (worn)
 S - +0 fire dragon scales
 U - a +3 chain mail of fire resistance
Jewellery
 p - a +4 ring of evasion (left hand)
 r - an amulet of the acrobat (around neck)
 C - a +4 ring of evasion (right hand)
 H - an uncursed ring of see invisible
Wands
 n - a wand of paralysis (8)
 o - a wand of enslavement (10)
 t - a wand of flame (20)
 u - a wand of polymorph (8)
 w - a wand of digging (3)
 F - a wand of iceblast (14)
 J - a wand of acid (21)
Scrolls
 f - 2 scrolls of enchant armour
 g - 4 scrolls of identify
 j - 15 scrolls of teleportation
 A - 2 scrolls of blinking
 I - 4 scrolls of remove curse
 K - a scroll of fog
 R - a scroll of torment {unknown}
 W - a scroll of magic mapping
 Y - a scroll of fear
Potions
 d - 2 potions of invisibility {unknown}
 e - 4 potions of berserk rage
 h - a potion of cancellation
 i - 6 potions of heal wounds
 k - 3 potions of flight
 m - 4 potions of stabbing
 s - 2 potions of lignification
 z - 2 potions of might
 B - 2 potions of haste {unknown}
 D - 11 potions of curing
 E - a potion of ambrosia {unknown}
 L - a potion of resistance {unknown}
 O - a potion of experience {unknown}
 P - a potion of mutation
Books
 X - a manual of Invocations


   Skills:
 + Level 14.4 Fighting
 + Level 16.8 Axes
 + Level 13.1 Armour
 + Level 7.9 Dodging
 - Level 1.5 Stealth
 - Level 4.0 Shields
 + Level 14.7 Invocations


You had 14 spell levels left.
You didn't know any spells.
Your spell library contained the following spells:

 Spells                   Type           Power        Failure   Level
 Animate Skeleton         Necr           #.....       54%         1
 Beastly Appendage        Tmut           #.....       54%         1
 Corona                   Hex            #......      54%         1
 Magic Dart               Conj           #...         54%         1
 Pain                     Necr           #...         54%         1
 Sting                    Tmut/Pois      #...         54%         1
 Summon Small Mammal      Summ           #...         54%         1
 Blink                    Tloc           N/A          69%         2
 Call Imp                 Summ           #.......     69%         2
 Ensorcelled Hibernation  Hex/Ice        #.....       69%         2
 Poisonous Vapours        Pois/Air       #.....       69%         2
 Slow                     Hex            #.......     69%         2
 Wereblood                Tmut           #.......     69%         2
 Call Canine Familiar     Summ           #.......     89%         3
 Confusing Touch          Hex            #.......     89%         3
 Conjure Flame            Conj/Fire      #.......     89%         3
 Dazzling Flash           Conj/Hex       #.....       89%         3
 Ignite Poison            Fire/Tmut/Pois #.......     89%         3
 Mephitic Cloud           Conj/Pois/Air  #.......     89%         3
 Spider Form              Tmut/Pois      #.........   89%         3
 Summon Guardian Golem    Hex/Summ       #.......     89%         3
 Tukima's Dance           Hex            #.......     89%         3
 Vampiric Draining        Necr           #.........   89%         3
 Animate Dead             Necr           #.........   100%        4
 Ice Form                 Ice/Tmut       #.......     100%        4
 Olgreb's Toxic Radiance  Pois           #.......     100%        4
 Summon Ice Beast         Ice/Summ       #.......     100%        4
 Summon Lightning Spire   Summ/Air       #.......     100%        4
 Agony                    Necr           #.......     100%        5
 Blade Hands              Tmut           #.........   100%        5


Dungeon Overview and Level Annotations

Branches:
Dungeon (13/15)            Temple (1/1) D:4            Lair (6/6) D:11
  Swamp (0/4) Lair:2       Spider (0/4) Lair:3        Slime (0/5) Lair:6
    Orc (2/2) D:10            Elf (0/3) Orc:2         IceCv (visited)
Volcano (visited)
 Vaults: D:13-14

Altars:
Elyvilon
Fedhas
Makhleb
Nemelex Xobeh
Sif Muna
Wu Jian
The Shining One

Shops:
D:4 }   D:10 [   Orc:2 ([:*

Annotations:
Lair:4 1 runed translucent door, exclusion: obsidian statue, feta's ghost, adept NaIE
Orc:2 1 runed translucent door, exclusion: 3 orange crystal statues, Urug


Message History

The orc warrior goes into a battle-frenzy!
The orc warrior barely misses you.
Unknown command.
Unknown command.
The orc sorcerer no longer looks unusually strong.
The orc priest casts a cantrip, but nothing happens.
The sun demon closely misses you.
The orange crystal statue glitters topaz in the dim dungeon light.
The orange crystal statue fixes its piercing gaze on you.
You feel dopey. Something feeds on your intellect!
The orc sorcerer casts a spell at you. The bolt of fire misses you.
The orc knight closely misses you.
Unknown command.
You closely miss the ettin.
The ettin is heavily wounded.
You slash the sun demon!
The sun demon convulses.
The sun demon hits you!
* * * LOW HITPOINT WARNING * * *
You are engulfed in flames!
You die...

.......#...........###
.........####+####.#.##
.........#8.....8#....#
.........#.#..5#.#....##
.........#...55o5#.....#
.........#..3oooo#.##.##
.........#..5oooo#....##
.........#.#Ooo#3#.....#
.........#8.3ooC@#....##
.........####o####.....#
.<............o........#
........[[.............#
.......................#
.......................#
.......................#
.......................#
.......................#


You could see 2 orange crystal statues, an orc knight (summoned), an ettin
(summoned), a soul eater (summoned), a sun demon (summoned), a ynoxinul
(summoned), 3 orc sorcerers, 2 orc warriors, an ogre (summoned), 3 orc priests,
2 orc wizards, an orc (summoned, strong) and 5 ufetubi.

Vanquished Creatures
  An orc warlord (Orc:2)
  Nessos (Orc:2)
  A dire elephant (Lair:2)
  7 hydras
  Harold (D:8)
  2 ice dragons (IceCv)
  4 death yaks (Lair:5)
  Urug (Orc:2)
  Sonja (Lair:6)
  2 skeletal warriors (Volcano)
  A swamp dragon (Lair:6)
  2 orc knights
  An orange crystal statue (Orc:2)
  Pikel (D:6)
  An orc sorcerer (Orc:1)
  An oklob plant (Lair:3)
  2 ugly things
  Maurice (D:12)
  9 elephants
  2 ice statues (IceCv)
  2 black mambas
  3 gargoyles (Volcano)
  2 torpor snails
  Maggie (D:9)
  A centaur zombie (D:10)
  8 cane toads
  A kobold demonologist (D:11)
  2 rime drakes (IceCv)
  9 komodo dragons
  2 trolls
  A polar bear (Lair:4)
  2 harpy skeletons (Volcano)
  2 hornets
  3 dream sheep (Lair:2)
  A blink frog (Lair:2)
  A spriggan (Lair:2)
  3 flying skulls (Volcano)
  31 yaks
  Eustachio (D:4)
  4 basilisks
  A fire elemental (Orc:1)
  2 vampire mosquitoes (D:12)
  A swamp worm (Lair:2)
  5 wargs
  4 soldier ants (D:10)
  14 water moccasins
  3 acid dragons (Lair:6)
  A hell hound (Orc:2)
  2 orc warriors
  4 swamp drakes
  A sky beast (D:7)
  A black bear (D:8)
  A hornet zombie (D:10)
  21 ice beasts
  A necrophage (D:5)
  4 phantoms
  12 ogres
  18 wolves
  A centaur (D:7)
  A lemure (D:6)
  Blork the orc (D:4)
  3 big kobolds (D:11)
  13 bullfrogs
  A gnoll sergeant (D:10)
  4 scorpions
  A troll skeleton (Volcano)
  A howler monkey (D:8)
  An electric eel (Lair:2)
  2 crimson imps (D:12)
  2 quasits
  2 hounds (D:7)
  8 jellies
  2 bullfrog skeletons (D:7)
  An orc priest (D:10)
  5 orc wizards
  Crazy Yiuf (D:4)
  19 worker ants
  Natasha (thrice) (D:2)
  4 iguanas
  2 naga skeletons (Volcano)
  A howler monkey zombie (D:6)
  Robin (D:3)
  7 adders
  14 gnolls
  2 shadow imps
  5 white imps
  An ufetubus (D:8)
  An ooze (Lair:6)
  4 worms
  A dart slug (D:1)
  2 leopard geckos
  23 orcs
  6 bats
  5 giant cockroaches
  5 hobgoblins
  2 jackals (D:7)
  10 kobolds
  5 quokkas
  4 ball pythons
  4 frilled lizards
  18 goblins
  A quokka skeleton (D:6)
  5 rats
  A bush (Lair:2)
  A plant (Lair:2)
425 creatures vanquished.

Vanquished Creatures (collateral kills)
  Azrael (Orc:1)
  A fire dragon (Lair:6)
  Erolcha (D:11)
  A hydra (Lair:1)
  A boulder beetle (D:12)
  2 two-headed ogres
  3 orc knights
  8 death yaks (Lair:5)
  An orc high priest (Orc:1)
  A queen ant (D:10)
  2 orc sorcerers (Orc:2)
  An oklob plant (Lair:3)
  17 elephants
  5 cane toads
  2 kobold demonologists (D:11)
  4 komodo dragons
  2 trolls
  2 blink frogs (Lair:2)
  22 yaks
  2 wyverns (D:12)
  A fire elemental (Orc:2)
  4 basilisks
  A steam dragon (D:12)
  2 vampire mosquitoes (D:12)
  2 wargs
  A hell hound (Orc:1)
  A swamp worm (Lair:2)
  8 water moccasins
  4 ice beasts
  8 orc warriors
  A black bear (Lair:2)
  3 ogres (Orc:2)
  12 wolves
  A centaur (D:10)
  2 big kobolds (D:11)
  4 bullfrogs
  3 crimson imps (D:12)
  A bullfrog zombie (D:11)
  A hound (D:11)
  2 iguanas (Lair:6)
  4 orc wizards
  5 worker ants (D:10)
  3 gnolls
  A white imp (D:12)
  6 orcs
  A kobold (D:11)
  A quokka (D:11)
162 creatures vanquished.

Vanquished Creatures (others)
  Urug (Orc:2)
  2 orc high priests (Orc:2)
  11 orc warriors
  4 orc priests
  7 orc wizards
  24 orcs
  104 fungi
  127 plants
280 creatures vanquished.

Grand Total: 867 creatures vanquished

Notes
Turn   | Place    | Note
-------+----------+-------------------------------------------
     0 | D:1      | Roikka the Hill Orc Monk began the quest for the Orb.
     0 | D:1      | Reached XP level 1. HP: 19/19 MP: 1/1
   180 | D:1      | Reached XP level 2. HP: 24/27 MP: 2/2
   399 | D:1      | Reached skill level 1 in Armour
   752 | D:2      | Reached XP level 3. HP: 30/33 MP: 3/3
   806 | D:2      | Reached skill level 5 in Axes
  1448 | D:2      | Noticed Natasha
  1454 | D:2      | Killed Natasha
  1454 | D:2      | Reached XP level 4. HP: 33/41 MP: 4/4
  2033 | D:2      | Noticed Natasha
  2041 | D:2      | Killed Natasha
  2041 | D:2      | Reached XP level 5. HP: 41/47 MP: 5/5
  2198 | D:2      | Noticed Natasha
  2209 | D:2      | Killed Natasha
  2209 | D:2      | Reached skill level 6 in Axes
  2472 | D:3      | Noticed Robin
  2501 | D:3      | Killed Robin
  3080 | D:3      | Found a shimmering blue altar of Sif Muna.
  3455 | D:4      | Noticed a phantom
  3462 | D:3      | Reached skill level 5 in Fighting
  3462 | D:3      | Reached XP level 6. HP: 51/56 MP: 6/6
  3570 | D:3      | Killed a phantom
  3570 | D:3      | Reached skill level 7 in Axes
  3882 | D:4      | Found Xotof's Gadget Shop.
  4015 | D:4      | Noticed Blork the orc
  4032 | D:4      | Killed Blork the orc
  4144 | D:4      | Reached XP level 7. HP: 27/61 MP: 7/7
  4386 | D:4      | Noticed Eustachio
  4774 | D:4      | Killed Eustachio
  4774 | D:4      | Reached skill level 8 in Axes
  5501 | D:4      | Became a worshipper of Beogh the Brigand
  5501 | D:4      | Reached * piety under Beogh
  5501 | D:4      | Reached ** piety under Beogh
  5602 | D:4      | Found a runed translucent door.
  5603 | D:4      | Noticed Crazy Yiuf
  5705 | D:4      | Found a staircase to the Ecumenical Temple.
  5712 | Temple   | Entered the Ecumenical Temple
  5799 | D:4      | Killed Crazy Yiuf
  6057 | D:5      | Entered Level 5 of the Dungeon
  6358 | D:5      | Reached skill level 9 in Axes
  6358 | D:5      | Reached XP level 8. HP: 40/71 MP: 8/8
  7109 | D:6      | Reached skill level 5 in Armour
  7336 | D:6      | Reached skill level 10 in Axes
  7615 | D:6      | Noticed Pikel
  7657 | D:6      | Killed Pikel
  7657 | D:6      | Reached XP level 9. HP: 62/79 MP: 8/11
  8082 | D:7      | Reached skill level 5 in Invocations
  8970 | D:8      | Reached skill level 11 in Axes
  9368 | D:8      | Found a sparkling altar of Nemelex Xobeh.
  9417 | D:8      | Noticed Harold
  9417 | D:8      | Noticed a hornet
  9428 | D:8      | Killed a hornet
  9437 | D:8      | Killed Harold
  9437 | D:8      | Reached XP level 10. HP: 25/91 MP: 0/15
 10325 | D:9      | Found a blossoming altar of Fedhas.
 10487 | D:9      | Noticed Maggie
 10520 | D:9      | Killed Maggie
 10886 | D:10     | Entered Level 10 of the Dungeon
 11023 | D:10     | Reached skill level 12 in Axes
 11023 | D:10     | Reached skill level 1 in Shields
 11064 | D:10     | Reached *** piety under Beogh
 11093 | D:10     | Found a staircase to the Orcish Mines.
 11249 | D:10     | Noticed a queen ant
 11261 | D:10     | Killed a queen ant
 11261 | D:10     | Gained Learuk as an ally
 11261 | D:10     | Reached skill level 10 in Fighting
 11261 | D:10     | Reached XP level 11. HP: 51/99 MP: 15/17
 11680 | D:10     | Found Hyfomey's Armour Emporium.
 12110 | D:11     | Found a staircase to the Lair.
 12201 | D:11     | Noticed Erolcha
 12206 | D:11     | Killed Erolcha
 12241 | D:11     | Noticed a five-headed hydra
 12249 | D:11     | Killed a four-headed hydra
 12475 | D:11     | Got a jewelled halberd
 12484 | D:11     | Identified the +4 halberd of the Hawk {drain, rC+} (You
                  | found it on level 11 of the Dungeon)
 12514 | D:11     | Reached **** piety under Beogh
 12581 | D:11     | Noticed a brown ugly thing
 12590 | D:11     | Killed a brown ugly thing
 12641 | D:11     | Reached skill level 10 in Invocations
 12722 | D:12     | Noticed a two-headed ogre
 12748 | D:11     | Reached skill level 13 in Axes
 12809 | D:11     | Killed a two-headed ogre
 12837 | D:12     | Upgraded the game from 0.26-a0-660-gc07710193c to
                  | 0.26-a0-661-g406de6ba63
 12857 | D:12     | Gained Agrik as an ally
 12984 | D:12     | Noticed Maurice
 12994 | D:12     | Killed Maurice
 13289 | D:12     | Your ally Agrik died
 13416 | D:12     | Noticed a boulder beetle
 13424 | D:12     | Killed a boulder beetle
 13437 | D:12     | Reached XP level 12. HP: 61/110 MP: 10/20
 14233 | D:13     | Reached skill level 10 in Armour
 14245 | D:13     | Noticed a tengu warrior
 14331 | Lair:1   | Entered Level 1 of the Lair of Beasts
 14650 | Lair:1   | Reached ***** piety under Beogh
 14677 | Lair:1   | Noticed a six-headed hydra
 14682 | Lair:1   | Killed a four-headed hydra
 15213 | Lair:1   | Reached skill level 14 in Axes
 15876 | Lair:2   | Noticed a dire elephant
 15886 | Lair:2   | Killed a dire elephant
 15886 | Lair:2   | Reached XP level 13. HP: 77/119 MP: 22/22
 15933 | Lair:2   | Reached skill level 5 in Dodging
 16555 | Lair:2   | Reached skill level 15 in Axes
 16856 | Lair:2   | Found a staircase to the Swamp.
 17491 | Lair:3   | Got a twisted mace
 17492 | Lair:3   | Identified the +3 mace "Humu" {vorpal, *Drain rPois Int+4
                  | Dex+3} (You found it on level 3 of the Lair of Beasts)
 17544 | Lair:2   | Gained Ugrim as an ally
 17660 | Lair:3   | Found a hole to the Spider Nest.
 17665 | Lair:3   | Reached ****** piety under Beogh
 18089 | Lair:3   | Gained Borgun as an ally
 18742 | Lair:3   | Gained Agrik as an ally
 19197 | Lair:4   | Found a runed translucent door.
 19199 | Lair:4   | Noticed feta's ghost (adept NaIE)
 19200 | Lair:4   | Identified the +3 spear "Embalmer" {flame, *Corrode +Blink
                  | rElec Str+8}
 20428 | Lair:5   | Reached XP level 14. HP: 125/129 MP: 23/23
 20720 | Lair:5   | Gained Boldo as an ally
 21191 | Lair:6   | Entered Level 6 of the Lair of Beasts
 21392 | Lair:5   | Reached skill level 16 in Axes
 21642 | Lair:6   | Found a frozen archway.
 21643 | Lair:6   | Found a staircase to the Slime Pits.
 21665 | Lair:6   | Noticed Sonja
 21668 | Lair:6   | Killed Sonja
 21672 | IceCv    | Entered an ice cave
 22873 | Lair:6   | Gained Gorbash as an ally
 23074 | Lair:6   | Gained Agrik as an ally
 23442 | Lair:6   | Your ally Agrik died
 24076 | Orc:1    | Entered Level 1 of the Orcish Mines
 24179 | Orc:1    | Paralysed by an orc sorcerer for 3 turns
 24319 | Orc:1    | Found a dark tunnel.
 24329 | Volcano  | Entered a volcano
 25457 | Orc:2    | Entered Level 2 of the Orcish Mines
 25457 | Orc:2    | Noticed Saint Roka
 25481 | Orc:2    | Gained Olfik as an ally
 25826 | Orc:2    | Found Hoorcharph's Antique Armour Emporium.
 25847 | Orc:2    | Noticed an orc warlord
 25860 | Orc:2    | Killed an orc warlord
 25967 | Orc:2    | Found Esou's Book Shop.
 25977 | Orc:2    | Noticed Azrael
 26000 | Orc:1    | Reached XP level 15. HP: 50/138 MP: 25/25
 26509 | Orc:1    | Killed Azrael
 26742 | Orc:2    | Noticed Urug
 26763 | Orc:2    | Killed Urug
 26788 | Orc:2    | Found Ponkev's General Store.
 26800 | Orc:2    | Bought a scroll of magic mapping for 52 gold pieces
 26800 | Orc:2    | Bought a scroll of acquirement for 780 gold pieces
 26800 | Orc:2    | Acquired a manual of Invocations
 26841 | Orc:2    | Gained Jorge as an ally
 26854 | Orc:2    | Found a runed translucent door.
 26863 | Orc:2    | Found the +10 tower shield of Ignorance {rN+ Int-4}
 26872 | Orc:2    | Your ally Jorge died
 26995 | Orc:2    | Found a runed translucent door.
 27126 | Orc:2    | Found Lippir's Antique Weapon Shoppe.
 27127 | Orc:2    | Found a staircase to the Elven Halls.
 27130 | Orc:2    | Noticed Nessos
 27133 | Orc:2    | Your ally died
 27206 | Orc:2    | Killed Nessos
 27406 | Orc:2    | Bought a smoking war axe for 229 gold pieces
 27406 | Orc:2    | Identified the +3 war axe of Courage {holy, rElec Dex+2}
                  | (You bought it in a shop on level 2 of the Orcish Mines)
 27532 | Orc:2    | Slain by a sun demon

Illustrated notes

Levels and vault maps discovered:
D:1:      minmay_arrival_five_plusses, layout_rooms
D:2:      layout_basic, serial_curves, eino_curves_03, eino_curves_01,
          uniq_natasha
D:3:      layout_loops_ring, lemuel_blue_sif_altar, uniq_robin
D:4:      layout_rooms, minmay_temple_entry_enclosed_plants, serial_shops, shop,
          minmay_misc_feat_rugged, uniq_eustachio, uniq_blork_the_orc,
          uniq_crazy_yiuf_cottage
D:5:      layout_loops_ring
D:6:      layout_rooms, minmay_misc_feat_pillars, uniq_pikel
D:7:      layout_basic, minmay_increasing_density
D:8:      layout_cave_pods, nemelex_xobeh_ov_fountains_minmay, uniq_harold
D:9:      layout_loops_ring, fedhas_altar_fruit_tree, uniq_maggie
D:10:     layout_basic, erik_orc_1, serial_shops, kennysheep_little_box,
          minmay_variable_closet, minmay_another_anthill
D:11:     layout_gridville, erik_lair_orcish_takeover, special_room
          [special_room_kobold], uniq_erolcha
D:12:     layout_layer_cave, minmay_nine_imps, uniq_maurice
D:13:     layout_basic, david_vaults_5
Temple:   nicolae_temple_the_god_donut
Lair:1:   layout_cave_pods, beast_lair_carwin_7, infiniplex_staircase_pool_2
Lair:2:   mu_elephants_graveyard, layout_loops_ring, palyth_hydra_swamp_entry,
          lemuel_fruit_tree, serial_bayou_shore_b, serial_bayou_shore_a
Lair:3:   layout_hall_layers, dummy_spider_entry, grunt_megastairs_5,
          minmay_lair_oklob_chamber
Lair:4:   statuecave_lemuel, layout_cave_pods, ebering_ghost_funeral_grove,
          minivault_11
Lair:5:   layout_hall_layers, grunt_megastairs_4
Lair:6:   guppyfry_lair_end_dragon, layout_hall_layers,
          nicolae_slime_entry_slimehenge, portal_ice_cave_entry_ice_beasts,
          minivault_25, grunt_megastairs_2, uniq_sonja
Orc:1:    layout_caves, nicolae_volcano_entry_lava_flow
Orc:2:    grunt_orc_gardens, layout_caves, grunt_orc_garden, grunt_orc_garden,
          grunt_orc_garden, grunt_orc_garden, chequers_guarded_unrand_ignorance,
          uniq_urug, uniq_saint_roka, uniq_nessos, uniq_azrael

Skill      XL: |  1  2  3  4  5  6  7  8  9 10 11 12 13 14 15 |
---------------+----------------------------------------------+-----
Armour         | 1 2 3 4 5 7 8 9 11 12 13 | 13.1
Fighting       | 4 5 6 7 9 10 11 12 13 14 | 14.4
Axes           | 5 6 7 9 10 11 12 13 14 15 16 | 16.8
Invocations    | 3 7 9 10 12 13 14 | 14.7
Shields        | 4 |  4.0
Dodging        | 3 4 6 7 |  7.9
Stealth        | |  1.5

Action                   |  1- 3 |  4- 6 |  7- 9 | 10-12 | 13-15 || total
-------------------------+-------+-------+-------+-------+-------++-------
Melee: Hand axe          |   109 |   314 |   497 |    78 |       ||   998
       Broad axe         |       |       |       |   394 |   800 ||  1194
       War axe           |       |       |       |       |    17 ||    17
Throw: Dart              |       |    37 |    37 |       |       ||    74
Invok: Convert to Beogh  |       |       |     1 |       |       ||     1
       Smiting           |       |       |     2 |       |     6 ||     8
       Recall Orcish Fol |       |       |       |     2 |     4 ||     6
       Resurrection      |       |       |       |       |     1 ||     1
Evoke: Wand              |       |       |       |     1 |     3 ||     4
  Use: Potion            |       |     1 |     2 |     1 |     1 ||     5
       Scroll            |       |       |    17 |     4 |    13 ||    34
 Stab: Sleeping          |       |       |       |     2 |     1 ||     3
       Distracted        |       |       |       |     5 |    11 ||    16
       Paralysed         |       |       |       |       |     2 ||     2
       Confused          |       |       |       |       |     1 ||     1
Armor: Ring mail         |    43 |       |       |       |       ||    43
       Chain mail        |     2 |   191 |    74 |       |       ||   267
       Leather armour    |       |       |   103 |     9 |    19 ||   131
       Swamp dragon scal |       |       |       |   136 |   179 ||   315
Dodge: Dodged            |    51 |    99 |   334 |   408 |   801 ||  1693
Block: Buckler           |       |       |       |    87 |   162 ||   249

Table legend: (Time is in decaauts)
 A = Elapsed time spent in this place.
 B = Non-inter-level travel time spent in this place.
 C = Inter-level travel time spent in this place.
 D = Time resting spent in this place.
 E = Time spent auto-exploring this place.
 F = Levels seen in this place.
 G = Mean time per level.
                   A        B        C        D        E       F      G
               +--------+--------+--------+--------+--------+-----+--------+
         Total |  27566 |  26693 |    873 |   6127 |  12736 |  24 | 1148.6 |
       Dungeon |  14645 |  14169 |    476 |   2579 |   7859 |  13 | 1126.5 |
        Temple |      3 |      3 |      0 |      0 |      0 |   1 |    3.0 |
          Lair |   8520 |   8180 |    340 |   1680 |   3669 |   6 | 1420.0 |
  Orcish Mines |   2752 |   2696 |     56 |   1036 |    958 |   2 | 1376.0 |
      Ice Cave |    982 |    982 |      0 |    504 |    172 |   1 |  982.0 |
       Volcano |    661 |    661 |      0 |    328 |     78 |   1 |  661.0 |
               +--------+--------+--------+--------+--------+-----+--------+

Top non-repeatable levels by time:
     D:3: 2307 daAuts
  Lair:2: 1953 daAuts
   Orc:1: 1848 daAuts
     D:2: 1667 daAuts
  Lair:4: 1523 daAuts
     D:4: 1500 daAuts
    D:12: 1473 daAuts
     D:8: 1369 daAuts
  Lair:6: 1325 daAuts
  Lair:5: 1288 daAuts
  Lair:3: 1245 daAuts
    D:10: 1221 daAuts
  Lair:1: 1183 daAuts
    D:11: 1041 daAuts
     D:5: 986 daAuts
